 Dungeon Crawl Stone Soup version 0.19-a0-1850-g63fd1ff (webtiles) character file.

6815 Naow the Severer (level 10, -7/78 HPs)
             Began as a Minotaur Berserker on Oct 10, 2016.
             Was an Elder of Trog.
             Mangled by Gastronok (28 damage)
             ... on level 9 of the Dungeon.
             The game lasted 00:16:28 (9845 turns).

Naow the Severer (Minotaur Berserker)               Turns: 9845, Time: 00:16:29

Health: -7/78      AC:  6    Str: 21    XL:     10   Next: 77%
Magic:  9/9        EV: 14    Int:  7    God:    Trog [****..]
Gold:   341        SH:  0    Dex: 17    Spells: 0 memorised, 9 levels left

rFire  . . .     SeeInvis +     y - +5 rapier "Zoagyt Taor" {pierce, rPois Dex+6}
rCold  . . .     Gourm    .     i - +0 ring mail (curse)
rNeg   . . .     Faith    +     (no shield)
rPois  +         Spirit   .     (helmet restricted)
rElec  .         Dismiss  .     (no cloak)
rCorr  .         Reflect  .     (no gloves)
MR     ++...     Harm     .     K - +0 pair of boots
Stlth  +.........               V - amulet of faith
                                s - ring of see invisible
                                P - +2 ring of evasion

@: exhausted, regenerating, slowed, very slow
A: retaliatory headbutt, horns 2
a: Berserk, Trog's Hand, Brothers in Arms, Burn Spellbooks, Renounce Religion


You were on level 9 of the Dungeon.
You worshipped Trog.
Trog was greatly pleased with you.
You were near starving.

You visited 1 branch of the dungeon, and saw 9 of its levels.
You also visited: Ossuary.

You collected 341 gold pieces.

Inventory:

Hand Weapons
 y - the +5 rapier "Zoagyt Taor" (weapon) {pierce, rPois Dex+6}
   (You found it in an ossuary)

   It inflicts extra damage upon your enemies.
   It affects your dexterity (+6).
   It protects you from poison.
 I - a +2 hand axe of electrocution
 J - a +0 battleaxe
Armour
 i - a cursed +0 ring mail (worn)
 K - a +0 pair of boots (worn)
Jewellery
 s - a ring of see invisible (right hand)
 t - an uncursed ring of protection from fire
 D - an uncursed ring of ice
 P - a +2 ring of evasion (left hand)
 V - an amulet of faith (around neck)
Wands
 M - a wand of lightning (11/15)
 S - a wand of polymorph (12/24)
 T - a wand of slowing (22/48)
Scrolls
 e - 10 scrolls of identify {unknown}
 h - a scroll of blinking {unknown}
 j - 6 scrolls of remove curse {unknown}
 l - 2 scrolls of amnesia {unknown}
 n - 3 scrolls of teleportation {unknown}
 o - 2 scrolls of random uselessness {unknown}
 q - a scroll of recharging {unknown}
 r - 3 scrolls of enchant armour {unknown}
 x - 5 scrolls of magic mapping {unknown}
 B - 3 scrolls of noise {unknown}
 C - 3 scrolls of fear {unknown}
Potions
 g - 6 potions of cancellation {unknown}
 k - 2 potions of heal wounds {unknown}
 u - 5 potions of flight {unknown}
 v - 9 potions of curing {unknown}
 w - a potion of haste {unknown}
 z - a potion of brilliance {unknown}
 A - 2 potions of lignification {unknown}
 G - 3 potions of invisibility {unknown}
 L - a potion of cure mutation {unknown}
 R - a potion of might {unknown}
 U - a potion of agility
Books
 H - a Young Poisoner's Handbook

   Spells                             Type                      Level
   a - Sting                          Conjuration/Poison           1
   b - Mephitic Cloud                 Conjuration/Poison/Air       3
   c - Olgreb's Toxic Radiance        Poison                       4
   d - Alistair's Intoxication        Transmutation/Poison         5
   e - Venom Bolt                     Conjuration/Poison           5
   Trog disapproves of the use of such an item.
 N - a book of Changes

   Spells                             Type                      Level
   a - Beastly Appendage              Transmutation                1
   b - Sticks to Snakes               Transmutation                2
   c - Spider Form                    Transmutation/Poison         3
   d - Ice Form                       Ice/Transmutation            4
   e - Blade Hands                    Transmutation                5
   Trog disapproves of the use of such an item.
Comestibles
 c - 5 bread rations
 f - a slice of pizza
 F - a meat ration


   Skills:
 - Level 3.7 Fighting
 + Level 18.3 Axes
 - Level 2.4 Armour
 - Level 2.1 Dodging


You had 9 spell levels left.
You didn't know any spells.

Dungeon Overview and Level Annotations

Branches:
Dungeon (9/15)             Temple (0/1) D:5            Lair (0/6) D:8
    Orc (0/2) D:9

Altars:
Cheibriados
Dithmenos
Kikubaaqudgha
Makhleb
Okawaru
Ru
Trog
Uskayaw
Xom
Yredelemnul
Zin
The Shining One

Shops:
D:4 *   D:5 *

Annotations:
D:9 Gastronok


Innate Abilities, Weirdness & Mutations

You reflexively headbutt those who attack you in melee.
You have a pair of horns on your head.


Message History

Gastronok is lightly wounded.
You puncture Gastronok! You headbutt Gastronok!
Gastronok is moderately wounded.
Gastronok gurgles, "Are you a wizard?
Wizards taste nice..."
Gastronok waves his eye-stalks in wide circles.
The air twists around and strikes you!
You puncture Gastronok!
Gastronok is moderately wounded.
Gastronok's eyestalks quiver as he mumbles some strange words.
You feel sluggish.
You puncture Gastronok! You headbutt Gastronok.
Gastronok is moderately wounded.
Gastronok waves his eye-stalks in wide circles.
The air twists around and strikes you!
* * * LOW HITPOINT WARNING * * *
Your skin crawls.
You feel resistant to hostile enchantments.
You are near starving!
Gastronok bites you!!
You die...

###.......... ....
#...........# ....
#.#.####.#### ..h..
# #.#.# #.# ...h.##
.## #.#.# #.# O....
#.####.#.####.# ...
#.............#
#.###.######.######
#.rrw@.).....#
..w.....h##########
.....##### ####


You could see Gastronok, a river rat, a jackal and a rat.

Vanquished Creatures
  Erica (D:8)
  Joseph (D:6)
  A komodo dragon (D:8)
  A hornet (D:9)
  A two-headed ogre (D:8)
  Prince Ribbit (D:8)
  A troll (D:9)
  A hippogriff (D:8)
  Eustachio (D:5)
  Edmund (D:4)
  A water moccasin (D:8)
  A sky beast (D:7)
  3 ice beasts
  An orc warrior (D:7)
  A phantom (D:4)
  A black bear (D:7)
  5 centaurs
  4 ogres
  3 big kobolds
  Blork the orc (D:6)
  A gnoll sergeant (D:5)
  3 bullfrogs
  2 elf skeletons (D:4)
  5 water moccasin zombies (Ossuary)
  A wyvern skeleton (D:8)
  3 scorpions
  5 killer bees
  A wight (D:6)
  2 centaur zombies
  3 crimson imps
  2 human zombies (D:4)
  2 quasits
  6 hounds
  3 orc priests
  A centaur skeleton (D:6)
  2 jellies
  10 orc wizards
  A gnoll shaman (D:4)
  Jessica (D:3)
  A human skeleton (D:4)
  2 worker ants
  A killer bee zombie (D:6)
  A big kobold zombie (Ossuary)
  2 hound skeletons (D:8)
  2 mummies (Ossuary)
  9 gnolls
  8 adders
  A howler monkey skeleton (D:5)
  A shadow imp (D:5)
  5 adder zombies
  An adder skeleton (D:6)
  5 worms
  4 dart slugs
  5 leopard geckos
  45 orcs
  9 bats
  2 giant cockroaches
  3 gnoll zombies
  7 goblins
  6 hobgoblins
  15 jackals
  14 kobolds
  A ball python skeleton (D:5)
  2 frilled lizards (D:4)
  A giant cockroach zombie (D:6)
  3 hobgoblin zombies (Ossuary)
  2 kobold zombies (Ossuary)
  An orc skeleton (D:4)
  6 orc zombies (Ossuary)
  8 rats
258 creatures vanquished.

Vanquished Creatures (others)
  An ogre (D:6)
  A bullfrog zombie (D:6)
  An adder (D:6)
  An orc (D:6)
  A giant cockroach (D:6)
  2 quokkas (D:6)
  6 plants (D:8)
13 creatures vanquished.

Grand Total: 271 creatures vanquished

Notes
Turn   | Place    | Note
-------+----------+-------------------------------------------
     0 | D:1      | Naow the Minotaur Berserker began the quest for the Orb.
     0 | D:1      | Reached XP level 1. HP: 19/19 MP: 0/0
    43 | D:1      | Reached skill level 4 in Axes
    77 | D:1      | Reached XP level 2. HP: 11/27 MP: 1/1
   403 | D:1      | Reached skill level 5 in Axes
   664 | D:2      | Reached XP level 3. HP: 24/33 MP: 2/2
   737 | D:2      | Reached ** piety under Trog
  1266 | D:3      | Reached XP level 4. HP: 36/40 MP: 3/3
  1651 | D:3      | Reached skill level 6 in Axes
  1656 | D:3      | Reached skill level 7 in Axes
  1656 | D:3      | Reached XP level 5. HP: 34/46 MP: 4/4
  2021 | D:3      | Noticed Jessica
  2023 | D:3      | Killed Jessica
  2185 | D:3      | Found a shadowy altar of Dithmenos.
  2199 | D:3      | Reached *** piety under Trog
  2199 | D:3      | Reached skill level 8 in Axes
  2208 | D:3      | Reached XP level 6. HP: 23/52 MP: 5/5
  2463 | D:3      | Noticed a moth of wrath
  2465 | D:3      | Found a bloodstained altar of Trog.
  2633 | D:4      | Found a sand-covered staircase.
  2744 | Ossuary  | Entered an ossuary
  2932 | Ossuary  | Reached skill level 9 in Axes
  2966 | Ossuary  | Reached XP level 7. HP: 41/58 MP: 6/6
  3000 | Ossuary  | Received a gift from Trog
  3023 | Ossuary  | Reached skill level 10 in Axes
  3259 | Ossuary  | Got a transparent rapier
  3260 | Ossuary  | Identified the +5 rapier "Zoagyt Taor" {pierce, rPois Dex+6} (You found it in an ossuary)
  3502 | D:4      | Reached skill level 11 in Axes
  3616 | D:4      | Noticed Edmund
  3617 | D:4      | Reached **** piety under Trog
  3628 | D:4      | Killed Edmund
  3628 | D:4      | Reached XP level 8. HP: 51/66 MP: 7/7
  4048 | D:4      | Found Gmiuzong's Goods Gallery.
  4075 | D:4      | Reached skill level 12 in Axes
  4204 | D:5      | Entered Level 5 of the Dungeon
  4204 | D:5      | Found a snail-covered altar of Cheibriados.
  4294 | D:5      | Found Suvoebl Ogeo's Elemental Accessories.
  4328 | D:5      | You fall through a shaft!
  4445 | D:5      | Reached skill level 13 in Axes
  4461 | D:5      | HP: 3/66 [poisoned by a gnoll sergeant]
  4468 | D:5      | HP: 3/66 [poisoned by a gnoll sergeant]
  4475 | D:5      | HP: 2/66 [poisoned by a gnoll sergeant]
  4596 | D:5      | Noticed Eustachio
  4609 | D:5      | Killed Eustachio
  4614 | D:5      | Found a staircase to the Ecumenical Temple.
  4868 | D:5      | Found a burning altar of Makhleb.
  4896 | D:5      | Noticed an Executioner
  4950 | D:5      | Found a basalt altar of Yredelemnul.
  5262 | D:6      | Found a glowing golden altar of the Shining One.
  5312 | D:6      | Found a glowing silver altar of Zin.
  5317 | D:6      | Found an iron altar of Okawaru.
  5350 | D:6      | Noticed Blork the orc
  5355 | D:6      | Killed Blork the orc
  5355 | D:6      | Reached XP level 9. HP: 71/71 MP: 8/8
  5584 | D:6      | Reached skill level 14 in Axes
  5668 | D:6      | Found a shimmering altar of Xom.
  5786 | D:6      | Found a hide-covered altar of Uskayaw.
  6201 | D:6      | Found an ancient bone altar of Kikubaaqudgha.
  6888 | D:7      | Noticed Joseph
  6930 | D:6      | Killed Joseph
  6930 | D:6      | Reached skill level 15 in Axes
  6932 | D:6      | Reached ***** piety under Trog
  7493 | D:7      | Reached skill level 16 in Axes
  7800 | D:8      | Found a staircase to the Lair.
  7801 | D:8      | Noticed a komodo dragon
  7876 | D:8      | Noticed Prince Ribbit
  7893 | D:8      | Killed Prince Ribbit
  7893 | D:8      | Reached XP level 10. HP: 45/78 MP: 9/9
  7952 | D:8      | Received a gift from Trog
  8714 | D:8      | Reached skill level 17 in Axes
  8853 | D:8      | Noticed Erica
  8862 | D:8      | Killed Erica
  9097 | D:8      | Found a sacrificial altar of Ru.
  9454 | D:9      | Found a staircase to the Orcish Mines.
  9456 | D:9      | Reached skill level 18 in Axes
  9816 | D:9      | Noticed Gastronok
  9845 | D:9      | Mangled by Gastronok

Vault maps used:
D:1:      saegor_arrival_simple_c
D:2:      kennysheep_big_empty_room, minmay_misc_feat_chi
D:3:      tgw_trog, first_bread, grunt_dithmenos_smoke, uniq_jessica
D:4:      lemuel_upstairs_altar, nicolae_ossuary_entry_catacombs,
          nicolae_alphabet_shops, uniq_edmund
D:5:      lemuel_zombie_altar_yredelemnul, makhleb_altar_promises_db,
          basic_altar, nicolae_elemental_shop, uniq_eustachio
D:6:      minmay_overflow_temple_star_quad, kiku_gazebo_garden_becter,
          old_standard_altar, xom_confusion_cloud, uniq_blork_the_orc
D:7:      uniq_joseph
D:8:      nicolae_ru_the_path_less_chosen, david_lair_shrubbed,
          uniq_prince_ribbit1, uniq_erica
D:9:      nicolae_overflow_crystal_walls, orc_0_dummy, basic_altar,
          uniq_gastronok
Ossuary:  ossuary_tomb_2

Skill      XL: |  1  2  3  4  5  6  7  8  9 10 |
---------------+-------------------------------+-----
Axes           | 4 5 7 8 9 11 13 16 18 | 18.3
Fighting       | |  3.7
Armour         | |  2.4
Dodging        | |  2.1

Action                   |  1- 3 |  4- 6 |  7- 9 | 10-12 || total
-------------------------+-------+-------+-------+-------++-------
Melee: Hand axe          |    79 |   149 |    44 |       ||   272
       Headbutt          |     8 |    34 |    67 |    33 ||   142
       Rapier            |       |       |   263 |   110 ||   373
Invok: Berserk           |       |     3 |    10 |     6 ||    19
       Trog's Hand       |       |       |     4 |     2 ||     6
  Eat: Chunk             |     1 |     7 |    17 |    12 ||    37
       Bread ration      |       |       |     1 |       ||     1
       Meat ration       |       |       |     1 |       ||     1
Armor: Animal skin       |    13 |       |       |       ||    13
       Ring mail         |    12 |    38 |    75 |    43 ||   168
Dodge: Dodged            |    54 |    57 |   200 |    76 ||   387
